 Dungeon Crawl Stone Soup version 0.24.0-13-gcf9b3192b9 (webtiles) character file.

Game seed: 10226007560792477043, levelgen mode: deterministic

71 Aviak the Sneak (level 4, -3/29 HPs)
             Began as a Gargoyle Assassin on Nov 8, 2019.
             Slain by Sigmund
             ... wielding a +0 scythe
              (9 damage)
             ... on level 3 of the Dungeon.
             The game lasted 00:03:51 (2184 turns).

Aviak the Sneak (Gargoyle Assassin)                 Turns: 2184, Time: 00:03:51

Health: -3/29      AC: 10    Str: 15    XL:     4   Next: 24%
Magic:  4/4        EV:  9    Int: 12    God:
Gold:   83         SH:  0    Dex: 11    Spells: 3/3 levels left

rFire    . . .     SeeInvis .   q - +0 whip
rCold    . . .     Gourm    .   (no shield)
rNeg     + . .     Faith    .   o - +0 scale mail
rPois    ∞         Spirit   .   (no helmet)
rElec    +         Reflect  .   c - +0 cloak
rCorr    .         Harm     .   (no gloves)
MR       .....                  (no boots)
Stlth    +.........             (no amulet)
HPRegen  0.09/turn              (no ring)
MPRegen  0.09/turn              (no ring)

@: no status effects
A: negative energy resistance 1, electricity resistance, unbreathing,
petrification resistance, rot immunity, AC +3
a: no special abilities


You were on level 3 of the Dungeon.
You were not hungry.

You visited 1 branch of the dungeon, and saw 3 of its levels.

You collected 83 gold pieces.

Inventory:

Hand Weapons
 a - a +2 dagger
 q - a +0 whip (weapon)
Missiles
 d - 18 poisoned darts (quivered)
 e - 2 curare-tipped darts
Armour
 b - a +0 robe
 c - a +0 cloak (worn)
 h - a +0 ring mail
 o - a +0 scale mail (worn)
Scrolls
 i - a scroll of identify
 l - a scroll of magic mapping
 m - 2 scrolls of remove curse {unknown}
 p - a scroll of teleportation {unknown}
 s - a scroll of random uselessness {unknown}
Comestibles
 f - 4 rations
 g - a chunk of flesh


   Skills:
 + Level 4.0 Fighting
 - Level 1.7 Short Blades
 - Level 1.7 Throwing
 - Level 2.0 Dodging
 - Level 4.3 Stealth


You had 3 spell levels left.
You didn't know any spells.
Your spell library was empty.

Dungeon Overview and Level Annotations

Branches:
Dungeon (3/15)

Altars:
Hepliaklqana

Annotations:
D:3 Sigmund


Innate Abilities, Weirdness & Mutations

You are resistant to torment.
Your stone body is resilient. (AC +3)
You are immune to poison.
You resist negative energy. (rN+)
You are resistant to electric shocks. (rElec)
You can survive without breathing.
You are immune to petrification.
You are immune to rotting.


Message History

You barely miss Sigmund. Sigmund hits you but does no damage.
You hit Sigmund but do no damage.
Sigmund mumbles some strange words.
Sigmund flickers and vanishes!
Deactivating autopickup; reactivate with Ctrl-A.
You closely miss something. Something hits you.
You barely miss something. Something hits you but does no damage.
You hit something.
Your scale mail prevents you from hitting something.
You hear some strange, mumbled words.
A puff of flame appears from out of thin air!
The puff of flame hits you!
* * * LOW HITPOINT WARNING * * *
Something hits you but does no damage.
You hit something but do no damage. You hit something but do no damage.
Something hits you.
* * * LOW HITPOINT WARNING * * *
Your scale mail prevents you from hitting something.
Something hits you!
You die...

...............## ####...
........<.......###......
.....................####
#####.###.##########.# #
#.# ##.# #.# # #. #.###
#.# #. ##...# #.#
#..###{.#.# #.# #..@#...#
... #...#..## #.#
#........# .......###.#
.#####. .# #. .. .. .# .#
..


There were no monsters in sight!

Vanquished Creatures
  3 adders (D:2)
  An ooze (D:1)
  2 worms (D:2)
  3 leopard geckos
  3 bats
  A giant cockroach (D:2)
  3 goblins
  4 hobgoblins (D:1)
  2 jackals (D:2)
  6 frilled lizards
  3 kobolds
  4 rats
  A fungus (D:1)
36 creatures vanquished.

Notes
Turn   | Place    | Note
-------+----------+-------------------------------------------
     0 | D:1      | Aviak the Gargoyle Assassin began the quest for the Orb.
     0 | D:1      | Reached XP level 1. HP: 12/12 MP: 1/1
   711 | D:1      | Reached skill level 1 in Dodging
   762 | D:1      | Reached XP level 2. HP: 15/18 MP: 2/2
  1346 | D:2      | Reached XP level 3. HP: 14/23 MP: 3/3
  1660 | D:2      | Found a hazy altar of Hepliaklqana.
  1738 | D:2      | Found a faded altar of an unknown god.
  1823 | D:2      | Reached XP level 4. HP: 29/29 MP: 4/4
  1902 | D:3      | Noticed Sigmund
  2184 | D:3      | Slain by Sigmund

Levels and vault maps discovered:
D:1:      dpeg_arrival_water_fire, layout_basic, minmay_small_reverse_x
D:2:      layout_rooms, nicolae_overflow_crystal_walls,
          chequers_ecumenical_altar_simple
D:3:      layout_loops_cross, small_statue_alley_b, minmay_bisected,
          uniq_sigmund

Skill      XL: |  1  2  3  4 |
---------------+-------------+-----
Dodging        | 1 2 |  2.0
Fighting       | 3 4 |  4.0
Short Blades   | |  1.7
Throwing       | |  1.7
Stealth        | |  4.3

Action                   |  1- 3 |  4- 6 || total
-------------------------+-------+-------++-------
Melee: Dagger            |    97 |       ||    97
       Whip              |    69 |    44 ||   113
  Use: Potion            |       |     5 ||     5
       Scroll            |       |     1 ||     1
 Stab: Sleeping          |     1 |       ||     1
       Invisible         |       |     1 ||     1
  Eat: Chunk             |     3 |     1 ||     4
Armor: Ring mail         |    30 |       ||    30
       Scale mail        |    60 |    25 ||    85
Dodge: Dodged            |    79 |    25 ||   104
